 Dungeon Crawl Stone Soup version 0.29-a0-824-gd827844252 (webtiles) character file.

Game seed: 15825136077729757721

21 gobodom the Magician (level 2, -1/19 HPs)
             Began as a Demonspawn Hedge Wizard on July 9, 2022.
             Slain by an adder (4 damage)
             ... on level 2 of the Dungeon.
             The game lasted 00:02:04 (1542 turns).

gobodom the Magician (Demonspawn Hedge Wizard)      Turns: 1542, Time: 00:02:05

Health: -1/19      AC:  2    Str: 10    XL:     2   Next: 62%
Magic:  0/6        EV: 12    Int: 15    God:
Gold:   54         SH:  0    Dex: 12    Spells: 6/7 levels left

rFire   . . .      SeeInvis .   a - +0 dagger
rCold   . . .      Faith    .   (no shield)
rNeg    . . .      Spirit   .   b - +0 robe
rPois   .          Reflect  .   c - +0 hat
rElec   .          Harm     .   (no cloak)
rCorr   .          Rampage  .   (no gloves)
Will    .....                   (no boots)
Stlth   ++........              (no amulet)
HPRegen 0.06/turn               (no ring)
MPRegen 0.10/turn               (no ring)

@: lethally poisoned (-1 -> -3)
A: hooves 1
a: no special abilities


You were on level 2 of the Dungeon.
You visited 1 branch of the dungeon, and saw 2 of its levels.

You collected 54 gold pieces.

Inventory:

Hand Weapons
 a - a +0 dagger (weapon)
Armour
 b - a +0 robe (worn)
 c - a +0 hat (worn)
Scrolls
 g - a scroll of teleportation {unknown}
 h - a scroll of fog {unknown}
 i - a scroll of silence {unknown}
Potions
 d - a potion of magic
 e - 2 potions of berserk rage {unknown}
 f - a potion of curing {unknown}


   Skills:
 + Level 2.1 Dodging
 + Level 2.2 Stealth
 + Level 3.3 Spellcasting
 + Level 1.0 Conjurations
 + Level 1.0 Summonings
 + Level 0.8 Translocations


You had 6 spell levels left.
You knew the following spells:

 Your Spells              Type           Power      Damage    Failure   Level
a - Magic Dart            Conj           20%        1d4       13%         1

Your spell library contained the following spells:

 Spells                   Type           Power      Damage    Failure   Level
 Slow                     Hex            8%         N/A       19%         1
 Call Imp                 Summ           5%         N/A       19%         2
 Blink                    Tloc           10%        N/A       21%         2
 Conjure Flame            Conj/Fire      4%         6-21      43%         3
 Mephitic Cloud           Conj/Pois/Air  3%         N/A       45%         3


Dungeon Overview and Level Annotations

Branches:
Dungeon (2/15)

Altars:


Innate Abilities, Weirdness & Mutations

You have large cloven feet.


Message History

You closely miss the adder.
The adder is heavily wounded.
The adder bites you. The adder barely misses you.
You miss the adder. Your kick misses the adder.
The adder is heavily wounded.
The adder bites you.
You closely miss the adder.
The adder is heavily wounded.
The adder closely misses you.
The magic dart hits the adder but does no damage.
The adder is heavily wounded.
The adder misses you. The adder bites you.
You closely miss the adder.
The adder is heavily wounded.
The adder misses you.
You hit the adder.
The adder is heavily wounded.
The adder misses you.
Your magical contamination has completely faded away.
You closely miss the adder.
The adder is heavily wounded.
The adder bites you. The adder barely misses you.
You barely miss the adder.
The adder is heavily wounded.
The adder bites you.
You are poisoned.
The adder poisons you!
You closely miss the adder.
The adder is heavily wounded.
You feel sick. The adder bites you.
* * * LOW HITPOINT WARNING * * *
You barely miss the adder. You kick the adder.
The adder is severely wounded.
* * * LOW HITPOINT WARNING * * *
You feel sick. The adder closely misses you.
You closely miss the adder. Your kick misses the adder.
The adder is severely wounded.
* * * LOW HITPOINT WARNING * * *
You feel sick. The adder barely misses you. The adder bites you.
You die...

##########....
#....<..............
#..#######........<
##.# #..>..... #.#
....... #.# .....
#.# ... #.# #S#
#.### #####@#
##)..####.....#
##.....#....##.#
#........#.###.#
#........#.# #.#
#.......##.# #.#
##.>...###.# #.#
#....... #.. ..#
#.......##.. #.#


You could see an adder.

Vanquished Creatures
  A dart slug (D:1)
  2 bats (D:1)
  2 endoplasms (D:1)
  A giant cockroach (D:1)
  3 hobgoblins (D:1)
  2 ball pythons (D:1)
  A frilled lizard (D:1)
  3 goblins
  2 rats (D:1)
17 creatures vanquished.

Notes
Turn   | Place    | Note
-------+----------+-------------------------------------------
     0 | D:1      | gobodom the Demonspawn Hedge Wizard began the quest for the
                  | Orb.
     0 | D:1      | Reached XP level 1. HP: 13/13 MP: 4/4
   399 | D:1      | Gained mutation: You have large cloven feet. [demonic
                  | ancestry]
   399 | D:1      | Reached XP level 2. HP: 19/19 MP: 0/6
  1542 | D:2      | Slain by an adder

Illustrated notes

Levels and vault maps discovered:
D:1:      amcnicky_arrival_abandoned_market, layout_basic, minmay_bisected
D:2:      minmay_razor_zed, layout_rooms, shapermc_ecumenical_altar_pompeii,
          uniq_sigmund

Skill      XL: |  1 |
---------------+----+-----
Dodging        | 2 |  2.1
Stealth        | 2 |  2.2
Spellcasting   | |  3.3
Conjurations   | |  1.0
Summonings     | |  1.0
Translocations | |  0.8

Action                   || total
-------------------------++-------
Melee: Dagger            ||    23
       Punch             ||     1
       Kick              ||     4
 Cast: Magic Dart        ||    44
Dodge: Dodged            ||    31

Table legend: (Time is in decaauts)
 A = Elapsed time spent in this place.
 B = Non-inter-level travel time spent in this place.
 C = Inter-level travel time spent in this place.
 D = Time resting spent in this place.
 E = Time spent auto-exploring this place.
 F = Levels seen in this place.
 G = Mean time per level.
                   A        B        C        D        E       F      G
               +--------+--------+--------+--------+--------+-----+--------+
         Total |   1541 |   1416 |    125 |      0 |   1267 |   2 |  770.5 |
       Dungeon |   1541 |   1416 |    125 |      0 |   1267 |   2 |  770.5 |
               +--------+--------+--------+--------+--------+-----+--------+

Top non-repeatable levels by time:
     D:1: 1456 daAuts
     D:2: 85 daAuts
